 Dungeon Crawl Stone Soup version 0.27-a0-1365-ge71e8f7681 (webtiles) character file.

Game seed: 14341005322376229715

77 2tc the Insei (level 4, -1/35 HPs)
             Began as a Draconian Transmuter on June 28, 2021.
             Was a Believer of Dithmenos.
             Slain by an ufetubus (2 damage)
             ... on level 4 of the Dungeon.
             The game lasted 00:07:16 (2337 turns).

2tc the Insei (Draconian Transmuter)                Turns: 2337, Time: 00:07:16

Health: -1/35      AC:  5    Str: 12    XL:     4   Next: 14%
Magic:  5/7        EV: 12    Int: 14    God:    Dithmenos [**....]
Gold:   158        SH:  0    Dex: 12    Spells: 4/7 levels left

rFire    . . .     SeeInvis .     - Unarmed
rCold    . . .     Faith    .   (no shield)
rNeg     . . .     Spirit   .   (armour unavailable)
rPois    .         Reflect  .   (helmet restricted)
rElec    .         Harm     .   (no cloak)
rCorr    .         Rampage  .   (no gloves)
Will     +....                  (no boots)
Stlth    +.........             (no amulet)
HPRegen  0.11/turn              b - ring of willpower
MPRegen  0.10/turn              (no ring)

@: lethally poisoned (-1 -> -8), wereblooded, wreathed by umbra
A: AC +5, unfitting armour, cold-blooded
a: Renounce Religion, Shadow Step


You were on level 4 of the Dungeon.
You worshipped Dithmenos.
Dithmenos was pleased with you.
You visited 1 branch of the dungeon, and saw 4 of its levels.

You collected 158 gold pieces.

Inventory:

Jewellery
 b - a ring of willpower (left hand)
Scrolls
 c - a scroll of identify
 d - a scroll of teleportation
Potions
 a - a potion of curing
 e - a potion of invisibility {unknown}


   Skills:
 - Level 1.1 Fighting
 - Level 1.7 Dodging
 - Level 5.0 Unarmed Combat
 - Level 2.0 Spellcasting
 * Level 2.1 Transmutations


You had 4 spell levels left.
You knew the following spells:

 Your Spells              Type           Power      Damage    Failure   Level
a - Beastly Appendage     Tmut           14%        N/A       10%         1
b - Wereblood             Tmut           7%         N/A       16%         2

Your spell library contained the following spells:

 Spells                   Type           Power      Damage    Failure   Level
 Spider Form              Tmut/Pois      2%         N/A       43%         3
 Ice Form                 Ice/Tmut       4%         N/A       83%         4


Dungeon Overview and Level Annotations

Branches:
Dungeon (4/15)
 Temple: D:4-7

Altars:
Dithmenos

Annotations:
D:3 1 runed translucent door, Delamore's ghost, amateur OpBr


Innate Abilities, Weirdness & Mutations

Your plain brown scales are hard. (AC +5)
You cannot fit into any form of body armour.
You are cold-blooded and may be slowed by cold attacks.


Message History

You hit the orc wizard but do no damage.
The orc wizard is moderately wounded.
The ufetubus barely misses you. The ufetubus misses you.
The adder bites you but does no damage.
The orc wizard hits you but does no damage.
The orc wizard hits you with a +0 dagger.
The ufetubus barely misses you. x2
You miss the ufetubus.
You headbutt the ufetubus, but do no damage.
You tail-slap the ufetubus.
The ufetubus is moderately wounded.
The adder misses you.
The orc wizard hits you but does no damage.
The ufetubus barely misses you. The ufetubus closely misses you.
The orc wizard misses you. The adder barely misses you.
You hit the orc wizard. Your kick misses the orc wizard.
The orc wizard is severely wounded.
The ufetubus completely misses you. The ufetubus misses you.
The orc wizard hits you but does no damage.
The adder bites you.
You are poisoned.
The adder poisons you!
The orc wizard hits you but does no damage.
You barely miss the adder. You claw the adder, but do no damage.
Your horns disappear.
Your talons disappear.
You feel sick. The ufetubus misses you. The ufetubus hits you.
* * * LOW HITPOINT WARNING * * *
The adder bites you.
* * * LOW HITPOINT WARNING * * *
You are more poisoned.
The adder poisons you!
The orc wizard hits you with a +0 dagger.
* * * LOW HITPOINT WARNING * * *
The orc wizard hits you but does no damage.
The ufetubus barely misses you. The ufetubus closely misses you.
You closely miss the orc wizard.
The orc wizard is severely wounded.
* * * LOW HITPOINT WARNING * * *
You feel sick. The adder completely misses you. The ufetubus hits you.
You die...

### #.. #.######
##.#{S@o#
#....5#o#
..####...###o#..
............S...
.#####...#####..
#.....S5.......
#.......#####...
#####...# ###
....Z


You could see 2 orc wizards, 2 adders, an orc and an ufetubus.

Vanquished Creatures
  An adder (D:2)
  2 worms
  2 dart slugs
  3 orcs (D:3)
  4 endoplasms
  A giant cockroach (D:2)
  4 goblins
  4 hobgoblins
  3 jackals (D:3)
  7 kobolds
  5 quokkas
  A ball python (D:1)
  6 bats
  5 frilled lizards
  5 rats
53 creatures vanquished.

Notes
Turn   | Place    | Note
-------+----------+-------------------------------------------
     0 | D:1      | 2tc the Draconian Transmuter began the quest for the Orb.
     0 | D:1      | Reached XP level 1. HP: 16/16 MP: 3/3
   107 | D:1      | Reached XP level 2. HP: 23/23 MP: 3/5
   541 | D:1      | Found a faded altar of an unknown god.
   551 | D:1      | Became a worshipper of Dithmenos the Shadowed
   551 | D:1      | Reached * piety under Dithmenos
   850 | D:2      | Reached skill level 4 in Unarmed Combat
   988 | D:2      | Reached XP level 3. HP: 28/28 MP: 4/6
  1072 | D:2      | Learned a level 2 spell: Wereblood
  1400 | D:3      | Reached ** piety under Dithmenos
  1923 | D:3      | Reached XP level 4. HP: 28/35 MP: 5/7
  1924 | D:3      | Reached skill level 5 in Unarmed Combat
  2074 | D:3      | Found a runed translucent door.
  2074 | D:3      | Noticed Delamore's ghost (amateur OpBr)
  2337 | D:4      | HP: 1/35 [poisoned by an adder]
  2337 | D:4      | Slain by an ufetubus

Illustrated notes

Levels and vault maps discovered:
D:1:      grunt_arrival_lava_bath, layout_basic, basic_ecumenical_altar,
          minmay_surrounded
D:2:      layout_rooms
D:3:      layout_loops_ring, gammafunk_ghost_grave, minmay_cupped
D:4:      layout_basic, nicolae_wooded_promenade

Skill      XL: |  1  2  3  4 |
---------------+-------------+-----
Unarmed Combat | 4 5 |  5.0
Fighting       | |  1.1
Dodging        | |  1.7
Spellcasting   | |  2.0
Transmutations | |  2.1

Action                   |  1- 3 |  4- 6 || total
-------------------------+-------+-------++-------
Melee: Unarmed           |   146 |    25 ||   171
       Kick              |    13 |     2 ||    15
       Headbutt          |     8 |     1 ||     9
       Tailslap          |    11 |     3 ||    14
       Punch             |     3 |       ||     3
 Cast: Beastly Appendage |    12 |     2 ||    14
       Wereblood         |     1 |     1 ||     2
  Use: Scroll            |     6 |       ||     6
       Potion            |       |     1 ||     1
 Stab: Sleeping          |     2 |       ||     2
Armor: Skin              |    46 |    22 ||    68
Dodge: Dodged            |   106 |    44 ||   150

Table legend: (Time is in decaauts)
 A = Elapsed time spent in this place.
 B = Non-inter-level travel time spent in this place.
 C = Inter-level travel time spent in this place.
 D = Time resting spent in this place.
 E = Time spent auto-exploring this place.
 F = Levels seen in this place.
 G = Mean time per level.
                   A        B        C        D        E       F      G
               +--------+--------+--------+--------+--------+-----+--------+
         Total |   2322 |   2222 |    100 |    152 |   1708 |   4 |  580.5 |
       Dungeon |   2322 |   2222 |    100 |    152 |   1708 |   4 |  580.5 |
               +--------+--------+--------+--------+--------+-----+--------+

Top non-repeatable levels by time:
     D:3: 954 daAuts
     D:1: 802 daAuts
     D:2: 534 daAuts
     D:4: 30 daAuts
